 Dungeon Crawl Stone Soup version 0.31.0-9-g3a7656b989 (webtiles) character file.

Game seed: 2650906776749578215

139 qw the Skirmisher (level 5, 0/29 HPs)
             Began as a Deep Elf Hunter on Feb 2, 2024.
             Slain by a jackal (3 damage)
             ... on level 3 of the Dungeon.
             The game lasted 00:00:08 (2229 turns).

qw the Skirmisher (Deep Elf Hunter)                 Turns: 2229, Time: 00:00:09

Health: 0/29       AC:  6    Str: 10    XL:     5   Next: 1%
Magic:  7/7        EV: 11    Int: 14    God:
Gold:   210        SH:  0    Dex: 18    Spells: 4/4 levels left

rFire   . . .        a - +1 shortbow
rCold   . . .        (shield currently unavailable)
rNeg    . . .        d - +0 ring mail
rPois   .            (no helmet)
rElec   .            (no cloak)
rCorr   .            i - +0 pair of gloves
SInv    .            (no boots)
Will    .....        h - amulet of faith
Stlth   +            (no ring)
HPRegen 0.24/turn    (no ring)
MPRegen 0.10/turn

%: faith
@: no status effects
A: no striking features
a: no special abilities


You were on level 3 of the Dungeon.
You visited 1 branch of the dungeon, and saw 4 of its levels.

You collected 210 gold pieces.


   Skills:
 - Level 1.5 Fighting
 + Level 8.4 Ranged Weapons
 - Level 2.4 Dodging
 - Level 1.2 Stealth


You had 4 spell levels left.
You didn't know any spells.
Your spell library was empty.

Inventory:

Hand Weapons
 a - a +1 shortbow (weapon)
Armour
 d - a +0 ring mail (worn)
 i - a +0 pair of gloves (worn)
Jewellery
 h - an amulet of faith (around neck)
Wands
 k - a wand of paralysis (4)
Potions
 g - a potion of curing
 j - a potion of might

Dungeon Overview and Level Annotations

Branches:
Dungeon (4/15)
 Temple: D:4-7

Altars:

Shops:
D:1 !


Message History

The hound closely misses you.
The jackal bites you but does no damage.
You shoot an arrow. The arrow misses the hound.
The jackal bites you. The hound barely misses you.
The jackal barely misses you. The jackal closely misses you.
The hound closely misses you.
You shoot an arrow. The arrow barely misses the hound.
The jackal barely misses you. The jackal misses you.
The hound bites you but does no damage. The jackal barely misses you.
You shoot an arrow. The arrow barely misses the hound.
The hound barely misses you. The jackal bites you. The jackal misses you.
The hound closely misses you. The jackal completely misses you.
You shoot an arrow. The arrow completely misses the hound.
The jackal bites you. The hound bites you.
The jackal bites you but does no damage.
The jackal misses you. The hound closely misses you.
The jackal barely misses you.
You shoot an arrow. The arrow hits the hound.
The hound is moderately wounded.
The jackal misses you. The hound bites you.
The jackal bites you but does no damage.
The jackal misses you. The hound barely misses you. The jackal bites you.
You shoot an arrow. The arrow hits the hound!
The hound is severely wounded.
The jackal bites you but does no damage.
The hound barely misses you.
The jackal bites you but does no damage.
You shoot an arrow. The arrow hits the hound.
The hound is almost dead.
The hound bites you. The jackal misses you. The jackal bites you.
The hound bites you but does no damage. The jackal bites you.
The jackal barely misses you.
You shoot an arrow. The arrow hits the hound!
You kill the hound!
The jackal barely misses you. The jackal closely misses you.
You have reached level 5!
You shoot an arrow. The arrow hits the jackal.
The jackal is lightly wounded.
The jackal bites you but does no damage. x2
The jackal bites you.
You die...

.###..(...........# #.#
#....... ..#.#####.#######.#
#.# #.######
..............>##.# #.# #.#
.#...####.###..##.# #.# #.#
.#...# #.# #..##.# #.# #.#
####.# #.###..##.# #.# #.#
.#...# #......##.# ##.###.#
.#...########..##.###...##.#
.<..#.#.....<..)@h.........#
##.###..#####..#%h.##...####
#.#.#)### #..........##
.###.## ##.##)..#####
....)#######......##
####....).....#####
####.#######..#
.....#######..#
####..........#


You could see 2 jackals.

Vanquished Creatures
  A hound (D:3)
  Ijyb (D:3)
  An adder (D:3)
  A dart slug (D:2)
  3 orcs (D:3)
  6 ball pythons
  7 endoplasms
  3 giant cockroaches
  5 goblins
  7 hobgoblins
  4 quokkas
  6 bats
  6 frilled lizards
  5 kobolds
  4 rats
60 creatures vanquished.

Notes
Turn   | Place    | Note
-------+----------+-------------------------------------------
     0 | D:1      | qw the Deep Elf Hunter began the quest for the Orb.
     0 | D:1      | Reached XP level 1. HP: 12/12 MP: 3/3
     0 | D:1      | 0 ||| qw: Version: 0.3-a-155-g5e7d8dd
     0 | D:1      | 0 ||| qw: Game counter: 2839
     0 | D:1      | 0 ||| qw: Melee chars always use a shield: true
     0 | D:1      | 0 ||| qw: God list: Okawaru
     0 | D:1      | 0 ||| qw: Allow faded altars: false
     0 | D:1      | 0 ||| qw: Do Orc after clearing Dungeon:15 true
     0 | D:1      | 0 ||| qw: Do second Lair branch before Depths: true
     0 | D:1      | 0 ||| qw: Lair rune preference: random
     0 | D:1      | 0 ||| qw: Goals: Normal
     0 | D:1      | 0 ||| PLANNING D:1-11
    63 | D:1      | Found Jaonytyi's Distillery.
    71 | D:1      | 71 ||| SHOPLISTING potion of cancellation (112 gold, have
                  | 0).
    71 | D:1      | 71 ||| SHOPLISTING potion of curing (42 gold, have 0).
    71 | D:1      | 71 ||| SHOPLISTING potion of enlightenment (70 gold, have
                  | 0).
    71 | D:1      | 71 ||| SHOPLISTING potion of heal wounds (70 gold, have 0).
    71 | D:1      | 71 ||| SHOPLISTING potion of resistance (140 gold, have 0).
   156 | D:1      | Reached skill level 6 in Ranged Weapons
   156 | D:1      | Reached XP level 2. HP: 16/16 MP: 4/4
   801 | D:1      | 801 ||| UPGRADING to +0 pair of gloves.
   806 | D:1      | 806 ||| READING scroll labelled TAUT NIDILU.
   810 | D:1      | 810 ||| READING scroll labelled POFIRA JIHES.
   838 | D:1      | 838 ||| READING scroll labelled YMENEG NIUN.
   838 | D:1      | 838 ||| ENCHANTING +0 shortbow.
   839 | D:1      | 839 ||| READING scroll labelled BEIBRAOFRI.
   840 | D:1      | 840 ||| DROPPING scroll of butterflies.
   901 | D:2      | Reached XP level 3. HP: 20/20 MP: 5/5
  1418 | D:2      | Reached skill level 7 in Ranged Weapons
  1451 | D:2      | Found a faded altar of an unknown god.
  1460 | D:2      | 1460 ||| UPGRADING to +0 ring mail.
  1470 | D:2      | 1470 ||| DROPPING +0 leather armour.
  1471 | D:2      | 1471 ||| UPGRADING to amulet of faith.
  1476 | D:2      | 1476 ||| READING scroll labelled TIELYT CI DAV.
  1477 | D:2      | 1477 ||| READING scroll labelled PIULAH YSIDY.
  1477 | D:2      | 1477 ||| IDENTIFYING brown potion
  1478 | D:2      | 1478 ||| DROPPING potion of attraction.
  1766 | D:3      | Noticed Ijyb
  1775 | D:3      | Killed Ijyb
  1776 | D:3      | Reached XP level 4. HP: 16/25 MP: 6/6
  2113 | D:3      | Reached skill level 8 in Ranged Weapons
  2147 | D:3      | 2147 ||| READING 3 scrolls of identify.
  2147 | D:3      | 2147 ||| IDENTIFYING fizzy amethyst potion
  2148 | D:3      | 2148 ||| READING 2 scrolls of identify.
  2148 | D:3      | 2148 ||| IDENTIFYING murky ruby potion
  2149 | D:3      | 2149 ||| READING scroll of identify.
  2149 | D:3      | 2149 ||| IDENTIFYING green potion
  2150 | D:3      | 2150 ||| READING scroll labelled KEFEUC VIOVA.
  2151 | D:3      | 2151 ||| READING scroll labelled UDDERI HAXOH.
  2152 | D:3      | 2152 ||| DROPPING potion of ambrosia.
  2176 | D:4      | 2176 ||| STAIRDANCE
  2217 | D:4      | 2217 ||| STAIRDANCE
  2225 | D:3      | HP: 6/25 [jackal (2)]
  2227 | D:3      | HP: 2/25 [jackal (2)]
  2229 | D:3      | Reached XP level 5. HP: 3/29 MP: 7/7
  2229 | D:3      | Slain by a jackal

Levels and vault maps discovered:
D:1:      psy_arrival_dodecagon, layout_basic, serial_shops, shop, st_stairs_10
D:2:      layout_loops_ring, shapermc_ecumenical_altar_acropolis,
          solitary_fountain
D:3:      layout_loops_ring, kennysheep_generic_room_14, uniq_ijyb
D:4:      layout_cave_pools, general_overflow_altar, minitemple,
          nicolae_ru_great_annihilating_truth, lightli_minifort, uniq_menkaure

Skill      XL: |  1  2  3  4 |
---------------+-------------+-----
Ranged Weapons | 6 7 8 |  8.4
Fighting       | |  1.5
Dodging        | |  2.4
Stealth        | |  1.2

Action                     |  1- 3 |  4- 6 || total
---------------------------+-------+-------++-------
   Fire: Shortbow          |   109 |    27 ||   136
    Use: Scroll            |     6 |     5 ||    11
 Armour: Leather armour    |    14 |       ||    14
         Ring mail         |     9 |    30 ||    39
  Dodge: Dodged            |    19 |    38 ||    57

Table legend:
 A = Non-vault XP
 B = Vault XP
 C = Vault XP percentage of total XP
 D = Non-vault monster count
 E = Vault monster count
 F = Vault count percentage of total count
                 A         B        C        D         E       F
            +---------+---------+-------+---------+---------+-------
      Total |     141 |      58 |  29.1 |      54 |       6 |  10.0
            +---------+---------+-------+---------+---------+-------
        D:1 |      34 |       4 |  10.5 |      21 |       3 |  12.5
        D:2 |      30 |       0 |   0.0 |      15 |       0 |   0.0
        D:3 |      77 |      54 |  41.2 |      18 |       3 |  14.3
            +---------+---------+-------+---------+---------+-------
